 Dungeon Crawl Stone Soup version 0.28-a0-1389-gc726bef33b (webtiles) character file.

Game seed: 614802238715786550

112 Deminshera the Ogre Mage (level 4, -1/38 (39) HPs)
             Began as an Ogre Venom Mage on Jan 3, 2022.
             Killed by an exploding Crazy Yiuf (13 damage)
             ... ignited by their inner flame
             ... on level 2 of the Dungeon.
             The game lasted 00:07:14 (3495 turns).

Deminshera the Ogre Mage (Ogre Venom Mage)          Turns: 3495, Time: 00:07:15

HP:   -1/38 (39)    AC:  5    Str: 12    XL:     4   Next: 93%
MP:   2/9           EV:  9    Int: 18    God:
Gold: 69            SH:  0    Dex:  9    Spells: 0/10 levels left

rFire   + . .      SeeInvis .   c - +0 whip
rCold   + . .      Faith    .   (no shield)
rNeg    . . .      Spirit   .   f - +2 robe {rF+}
rPois   .          Reflect  .   (helmet restricted)
rElec   .          Harm     .   (no cloak)
rCorr   .          Rampage  .   (gloves unavailable)
Will    .....                   (boots unavailable)
Stlth   ++........              (no amulet)
HPRegen 0.12/turn               h - ring of protection from cold
MPRegen 0.11/turn               (no ring)

@: very slightly contaminated, lightly drained
A: large, unfitting armour, tough skin 1
a: no special abilities


You were on level 2 of the Dungeon.
You visited 1 branch of the dungeon, and saw 2 of its levels.

You collected 69 gold pieces.

Inventory:

Hand Weapons
 c - a +0 whip (weapon)
Armour
 f - a +2 robe of fire resistance (worn)
Jewellery
 h - a ring of protection from cold (left hand)
Scrolls
 e - a scroll of identify {unknown}
 g - a scroll of enchant armour {unknown}
Potions
 a - a potion of brilliance {unknown}
 d - 2 potions of lignification {unknown}
 i - a potion of degeneration {unknown}
 j - a potion of mutation {unknown}


   Skills:
 - Level 1.7 Dodging
 - Level 2.0 Stealth
 + Level 3.7 Spellcasting
 - Level 0.8 Transmutations
 + Level 1.4 Air Magic
 + Level 3.6 Poison Magic


You couldn't memorise any spells.
You knew the following spells:

 Your Spells              Type           Power      Damage    Failure   Level
a - Sting                 Tmut/Pois      44%        1d5       6%          1
b - Poisonous Vapours     Pois/Air       24%        N/A       9%          2
c - Mephitic Cloud        Conj/Pois/Air  9%         N/A       22%         3
d - Olgreb's Toxic Radia  Pois           16%        N/A       34%         4

Your spell library contained the following spells:

 Spells                   Type           Power      Damage    Failure   Level


Dungeon Overview and Level Annotations

Branches:
Dungeon (2/15)

Altars:

Annotations:
D:2 Natasha


Innate Abilities, Weirdness & Mutations

You are too large for most types of armour.
You have tough skin. (AC +1)


Message History

Natasha, Servant of Life and Death comes into view.
Natasha hisses angrily.
Natasha closely misses you.
Casting: Sting (safe; 6% risk of failure)
Confirm with . or Enter, or press ? or * to list all spells.
Aiming: Poisonous Vapours (safe; 9% risk of failure)
Press: ? - help, Dir - move target, f - Crazy Yiuf
Aim: Crazy Yiuf, wielding a +2 quarterstaff of chaos and wearing a +0 cloak You miscast Poisonous Vapours.
You are very lightly contaminated with residual magic.
Nothing appears to happen.
Crazy Yiuf hits you with a +2 quarterstaff of chaos.
You feel drained. Natasha claws you.
Casting: Poisonous Vapours (safe; 9% risk of failure)
Confirm with . or Enter, or press ? or * to list all spells.
Aiming: Poisonous Vapours (safe; 9% risk of failure)
Press: ? - help, Dir - move target, f/p - Crazy Yiuf
Aim: Crazy Yiuf, wielding a +2 quarterstaff of chaos and wearing a +0 cloak Poisonous vapours surround Crazy Yiuf!
Crazy Yiuf is poisoned.
Crazy Yiuf hits you with a +2 quarterstaff of chaos!
Crazy Yiuf draws strength from your wounds!
Natasha barely misses you.
As you read the scroll labelled KEC SAWNAIWN, it crumbles to dust.
The creatures around you are filled with an inner flame!
It was a scroll of immolation.
Flame seeps out of Crazy Yiuf.
Crazy Yiuf is engulfed in blazing flames.
Flame seeps out of Crazy Yiuf.
Crazy Yiuf hits you with a +2 quarterstaff of chaos.
You feel your power leaking away.
Natasha casts a spell.
Casting: Poisonous Vapours (safe; 9% risk of failure)
Confirm with . or Enter, or press ? or * to list all spells.
Aiming: Poisonous Vapours (safe; 9% risk of failure)
Press: ? - help, Dir - move target, f/p - Crazy Yiuf
Aim: Crazy Yiuf, wielding a +2 quarterstaff of chaos and wearing a +0 cloak (flame, severely wounded, inner flame, poisoned) Poisonous vapours surround Crazy Yiuf!
Crazy Yiuf looks even sicker.
Crazy Yiuf is engulfed in blazing flames.
Crazy Yiuf explodes!
The fiery explosion engulfs you! You resist.
You die...

###≈≈# ###≈≈≈#####.........#
#≈≈≈##############..#######..
#####≈≈≈≈≈#......##..>.### ###
#≈≈≈≈≈##########.##.##...###
###≈≈#######≈≈≈≈≈≈.##.####...##
#≈≈≈#≈≈≈≈≈≈≈≈≈≈######.# ###..##
################ #.# ##...
##...##### #.# #### #.....○@.#
#.# #####
#....###h####.######.... #....#
#..5...##.....#.. ♣....♣
####...#..###.... ♣♣...♣
#...#.###..... ♣♣.♣♣
####.....###..<.# ♣♣.♣
#..#....##...#.## ♣.♣♣
#................ ♣♣.♣
#....####....#.##


You could see Natasha (inner flame) and a white imp (summoned).

Vanquished Creatures
  Crazy Yiuf (D:2)
  Jessica (D:2)
  Natasha (D:2)
  A gnoll (D:1)
  A worm (D:2)
  3 ball pythons
  2 bats (D:1)
  6 endoplasms
  3 giant cockroaches
  4 goblins
  4 hobgoblins
  4 jackals
  2 kobolds
  2 quokkas (D:1)
  2 frilled lizards
  7 rats
44 creatures vanquished.

Vanquished Creatures (others)
  A plant (D:1)
  5 toadstools (D:1)
6 creatures vanquished.

Grand Total: 50 creatures vanquished

Notes
Turn   | Place    | Note
-------+----------+-------------------------------------------
     0 | D:1      | Deminshera the Ogre Venom Mage began the quest for the Orb.
     0 | D:1      | Reached XP level 1. HP: 16/16 MP: 3/3
   220 | D:1      | Reached XP level 2. HP: 24/24 MP: 2/5
   265 | D:1      | Learned a level 2 spell: Poisonous Vapours
  1022 | D:1      | Reached XP level 3. HP: 27/31 MP: 4/7
  1213 | D:1      | Learned a level 3 spell: Mephitic Cloud
  2167 | D:2      | Noticed Jessica
  2173 | D:2      | Killed Jessica
  2174 | D:2      | Reached skill level 1 in Air Magic
  2174 | D:2      | Reached XP level 4. HP: 39/39 MP: 0/9
  2626 | D:2      | Noticed Natasha
  2642 | D:2      | Killed Natasha
  3471 | D:2      | Found a runed translucent door.
  3477 | D:2      | Learned a level 4 spell: Olgreb's Toxic Radiance
  3477 | D:2      | Noticed Crazy Yiuf
  3490 | D:2      | Noticed Natasha
  3495 | D:2      | Killed Crazy Yiuf
  3495 | D:2      | Killed by an exploding Crazy Yiuf... ignited by their inner
                  | flame

Illustrated notes

Levels and vault maps discovered:
D:1:      ldierk_walled_garden, layout_rooms, chequers_serial_rivers_room_b,
          serial_bayou_pond_a, minivault_23, wad_floor_pattern_1
D:2:      layout_rooms, serial_rivers, chequers_serial_rivers_large_b,
          chequers_serial_rivers_micro_e, chequers_serial_rivers_room_b,
          chequers_serial_rivers_micro_b, uniq_natasha, uniq_jessica,
          uniq_crazy_yiuf_cottage

Skill      XL: |  1  2  3 |
---------------+----------+-----
Poison Magic   | 3 |  3.6
Spellcasting   | 3 |  3.7
Stealth        | 2 |  2.0
Air Magic      | 1 |  1.4
Dodging        | |  1.7
Transmutations | |  0.8

Action                   |  1- 3 |  4- 6 || total
-------------------------+-------+-------++-------
Melee: Unarmed           |     5 |       ||     5
       Whip              |    10 |     5 ||    15
 Cast: Sting             |    42 |    16 ||    58
       Poisonous Vapours |    13 |    14 ||    27
  Use: Scroll            |       |     1 ||     1
Armor: Robe              |    15 |     3 ||    18
Dodge: Dodged            |    33 |    10 ||    43

Table legend: (Time is in decaauts)
 A = Elapsed time spent in this place.
 B = Non-inter-level travel time spent in this place.
 C = Inter-level travel time spent in this place.
 D = Time resting spent in this place.
 E = Time spent auto-exploring this place.
 F = Levels seen in this place.
 G = Mean time per level.
                   A        B        C        D        E       F      G
               +--------+--------+--------+--------+--------+-----+--------+
         Total |   3554 |   3465 |     89 |   1997 |   1019 |   2 | 1777.0 |
       Dungeon |   3554 |   3465 |     89 |   1997 |   1019 |   2 | 1777.0 |
               +--------+--------+--------+--------+--------+-----+--------+

Top non-repeatable levels by time:
     D:1: 2092 daAuts
     D:2: 1461 daAuts
